 Dungeon Crawl Stone Soup version 0.31-a0-981-geadf994542 (webtiles) character file.

Game seed: 11347460862491713562

96922 ragingrage the Fencer (level 16, -7/100 HPs)
             Began as a Tengu Warper on Oct 31, 2023.
             Was an Elder of Yredelemnul.
             Killed by an exploding orc priest zombie (24 damage)
             ... ignited by their inner flame
             ... on level 2 of the Orcish Mines.
             The game lasted 00:39:11 (29520 turns).

ragingrage the Fencer (Tengu Warper)               Turns: 29520, Time: 00:39:12

Health: -7/100     AC: 21    Str: 13    XL:     16   Next: 18%
Magic:  0/23       EV: 35    Int: 14    God:    Yredelemnul [****..]
Gold:   697        SH: 12    Dex: 20    Spells: 12/23 levels left

rFire   . . .        a - +4 double sword (spect)
rCold   + + .        Z - +2 kite shield {rC+}
rNeg    . . .        L - +5 ring mail of Tempters {rC+}
rPois   .            (helmet restricted)
rElec   .            l - +1 cloak of Inevitability {+Inv}
rCorr   .            h - +2 pair of gloves
SInv    .            (boots unavailable)
Will    +....        r - amulet of guardian spirit
Stlth   ++           X - +4 ring of protection
HPRegen 0.36/turn    T - ring of wizardry
MPRegen 0.18/turn

%: acrobat, guardian spirit, wizardry (x1)
@: acrobatic, flying, very slightly contaminated, studying 2 skills
A: beak, talons 3, evasive flight, acrobatic
a: Renounce Religion, Evoke Invisibility, Recall Undead Harvest, Dark Bargain,
Drain Life


You were on level 2 of the Orcish Mines.
You worshipped Yredelemnul.
Yredelemnul was aware of your devotion.
You visited 4 branches of the dungeon, and saw 23 of its levels.
You also visited: Bailey and Ice Cave.

You collected 2121 gold pieces.
You spent 1424 gold pieces at shops.

Inventory:

Hand Weapons
 a - a +4 spectral double sword (weapon)
 b - a +4 scimitar of flaming
 B - a +1 longbow of flaming
Missiles
 e - 24 poisoned darts
 A - 8 javelins
 D - 2 throwing nets
 G - 2 curare-tipped darts
Armour
 h - a +2 pair of gloves (worn)
 l - the +1 cloak of Inevitability (worn) {+Inv}
   (You found it on level 2 of the Dungeon)

   +Inv:      It lets you turn invisible.
 L - the +5 ring mail of Tempters (worn) {rC+}
   (You found it in a bailey)

   rC+:       It protects you from cold.
 Z - a +2 kite shield of cold resistance (worn)
Jewellery
 r - an amulet of guardian spirit (around neck)
 u - a ring of positive energy
 w - a ring of fire
 T - a ring of wizardry (right hand)
 X - a +4 ring of protection (left hand)
Wands
 j - a wand of iceblast (7)
 x - a wand of flame (44)
 z - a wand of digging (8)
 F - a wand of light (24)
 P - a wand of polymorph (5)
 S - a wand of charming (19)
Scrolls
 c - 8 scrolls of teleportation
 i - 4 scrolls of immolation
 m - 5 scrolls of amnesia
 o - 2 scrolls of noise
 t - 6 scrolls of vulnerability
 y - 8 scrolls of enchant armour
 E - 3 scrolls of revelation
 H - a scroll of butterflies
 J - 3 scrolls of blinking
 M - 3 scrolls of fog
 R - 6 scrolls of identify
 V - a scroll of silence
 Y - a scroll of fear
Potions
 f - 3 potions of might
 g - a potion of resistance
 k - 3 potions of curing
 n - 3 potions of invisibility
 p - 2 potions of enlightenment
 q - 3 potions of berserk rage
 s - a potion of mutation
 v - 4 potions of brilliance
 C - 2 potions of haste
 I - a potion of heal wounds
 K - 2 potions of lignification
 N - a potion of magic
 O - 4 potions of cancellation
 Q - a potion of attraction
Miscellaneous
 W - a lightning rod (4/4)


   Skills:
 - Level 11.0 Fighting
 - Level 16.0 Long Blades
 - Level 1.0 Throwing
 - Level 7.0 Armour
 + Level 12.2 Dodging
 - Level 3.0 Stealth
 + Level 3.6 Shields
 - Level 4.0 Spellcasting
 - Level 9.0 Translocations
 + Level 6.3 Air Magic
 - Level 9.0 Invocations
 - Level 7.0 Evocations
 - Level 5.8 Shapeshifting


You had 12 spell levels left.
You knew the following spells:

 Your Spells              Type           Power      Damage    Failure   Level
a - Blink                 Tloc           56%        N/A       1%          2
b - Apportation           Tloc           56%        N/A       1%          1
c - Manifold Assault      Tloc           28%        N/A       13%         4
d - Vhi's Electric Charg  Tloc/Air       48%        N/A       22%         4

Your spell library contained the following spells:

 Spells                   Type           Power      Damage    Failure   Level
 Lesser Beckoning         Tloc           56%        N/A       1%          2
 Teleport Other           Tloc           28%        N/A       4%          3
 Momentum Strike          Conj/Tloc      30%        3d8       12%         2
 Passage of Golubria      Tloc           28%        N/A       13%         4
 Necrotise                Necr           8%         1d4       45%         1
 Summon Small Mammal      Summ           8%         N/A       45%         1
 Sublimation of Blood     Necr           2%         N/A       58%         2
 Dimensional Bullseye     Hex/Tloc       7%         N/A       58%         4
 Iskenderun's Mystic Bla  Conj/Tloc      15%        2d5       58%         4
 Hailstorm                Conj/Ice       2%         3d3       80%         3
 Tukima's Dance           Hex            2%         N/A       80%         3
 Silence                  Hex/Air        5%         N/A       98%         5
 Anguish                  Hex/Necr       1%         N/A       99%         4
 Brom's Barrelling Bould  Conj/Erth      2%         2d3       99%         4
 Summon Ice Beast         Ice/Summ       2%         N/A       99%         4
 Borgnjor's Vile Clutch   Necr/Erth      1%         N/A       100%        5
 Fireball                 Conj/Fire      1%         3d3       100%        5
 Iskenderun's Battlesphe  Conj           2%         2d6       100%        5
 Yara's Violent Unravell  Hex/Tmut       1%         3d3       100%        5
 Conjure Ball Lightning   Conj/Air       5%         3x3d6     100%        6
 Haunt                    Necr/Summ      1%         N/A       100%        7
 Orb of Destruction       Conj           1%         9d5       100%        7
 Lehudib's Crystal Spear  Conj/Erth      1%         10d2      100%        8
 Simulacrum               Ice/Necr       Unusable   N/A       N/A         6

Dungeon Overview and Level Annotations

Branches:
Dungeon (15/15)            Temple (1/1) D:4            Lair (5/5) D:9
  Swamp (0/4) Lair:3        Snake (0/4) Lair:3        Slime (0/5) Lair:5
    Orc (2/2) D:10            Elf (0/3) Orc:2        Vaults (0/5) D:14
 Depths (0/4) D:15         Bailey (visited)           IceCv (visited)

Altars:
Ashenzari
Cheibriados
Dithmenos
Elyvilon
Fedhas
Gozag
Hepliaklqana
Kikubaaqudgha
Makhleb
Nemelex Xobeh
Okawaru
Qazlal
Ru
Sif Muna
Trog
Uskayaw
Vehumet
Wu Jian
Xom
Yredelemnul
Zin
The Shining One
Jiyva

Shops:
D:8 *   D:9 ==*((   D:12 (   D:15 *   Orc:2 :?

Portals:
Trove: D:12 (give 5 scrolls of blinking)

Annotations:
D:2 exclusion: downstairs
D:3 exclusion: centaur
Lair:4 2 transporters, lessens's ghost, journeyman GnGl
Orc:2 Saint Roka


Innate Abilities, Weirdness & Mutations

You have a beak for a mouth.
You have claws for feet.
Your magical flight helps you evade attacks. (EV +4)
You can magically evade attacks while moving or waiting.


Message History

Flame seeps out of the orc warrior.
The fiery explosion engulfs something!!
Reactivating autopickup.
You feel a bit more experienced.
The fiery explosion engulfs Saint Roka!!
Flame seeps out of Saint Roka.
The fiery explosion engulfs the orc!!
The orc explodes!
The fiery explosion engulfs the orc!! x2
The fiery explosion engulfs the orc warrior!!
The orc warrior explodes!
The fiery explosion engulfs the warg!!
The fiery explosion engulfs your warg zombie!!
Your warg zombie explodes!
The fiery explosion engulfs your phantasmal warrior!!
Flame seeps out of your phantasmal warrior.
The fiery explosion engulfs your orc priest zombie!!!
Your orc priest zombie explodes!
The fiery explosion engulfs you!!
The fiery explosion engulfs your phantasmal warrior!!
Flame seeps out of your phantasmal warrior.
The fiery explosion engulfs your orc priest zombie!!
The fiery explosion engulfs your orc zombie!!!
Your orc zombie explodes!
The fiery explosion engulfs your orc zombie!!!
Your orc zombie explodes!
The fiery explosion engulfs you!
The fiery explosion engulfs your orc warrior zombie!!
The fiery explosion engulfs your orc zombie!!
The fiery explosion engulfs your orc warrior zombie!!
The fiery explosion engulfs your orc wizard zombie!!!
Your orc wizard zombie explodes!
Your orc warrior zombie explodes!
Your orc zombie explodes!
The fiery explosion engulfs your orc zombie!!
The fiery explosion engulfs your orc priest zombie!!
The fiery explosion engulfs you!!
* * * LOW HITPOINT WARNING * * *
Your orc priest zombie explodes!
The fiery explosion engulfs your gnoll zombie!!
The fiery explosion engulfs you!!
You die...
Your body rises from the dead as a mindless zombie. '...' #.......... #.oo# #.......... #o8o## #......Z..Z #§§§#. #....Z..ZZ. +§{§§ #.....Z..#. #o§§# #...Z.ZZZZZ

##{§○## #......#ZZZ
#8ZW§8# ##...Z..Z... #
#.§@§§###..#........
...##§§§##...##.....##.
....§§§§§§.###.#.......
...#.8.8.####.......##.
........Z.#####......##.
...........#.###......##
..............###....#..
.............# ###.##.#
.._........ZZ## ####.#


You could see Saint Roka (inner flame), 2 orc warriors, 2 orcs, a friendly
phantasmal warrior (summoned, inner flame), a friendly orc zombie (inner flame)
and a friendly orc wizard zombie (inner flame).

Vanquished Creatures
  Rupert (D:12)
  Kirke (D:13)
  A fire giant (D:15)
  A dire elephant (D:15)
  2 blizzard demons (IceCv)
  Josephine (D:14)
  An entropy weaver (shapeshifter) (D:14)
  An ice dragon (D:15)
  A rakshasa (D:14)
  4 centaur warriors
  5 boulder beetles
  3 hydras
  A vault guard (D:14)
  3 two-headed ogres
  A tengu warrior (D:14)
  A deep troll shaman (Lair:5)
  8 death yaks
  An occultist (D:15)
  A deep elf knight (D:15)
  A spectral death yak (Lair:1)
  A skyshark (Lair:5)
  Pikel (D:7)
  A bog body (IceCv)
  7 spriggan simulacra (IceCv)
  An obsidian statue (IceCv)
  An arcanist (D:15)
  2 lindwurms (Lair:4)
  A wolf spider zombie (D:14)
  4 deep elf pyromancers
  An orc knight (Bailey)
  13 ugly things
  A spectral centaur (D:14)
  6 cyclopes
  A manticore (D:15)
  3 black mambas
  A centaur zombie (D:14)
  8 slime creatures
  7 elephants
  3 gargoyles
  A torpor snail (D:12)
  2 centaur skeletons (D:14)
  5 komodo dragons
  11 cane toads
  A rime drake (Lair:2)
  Maggie (Lair:1)
  2 efreet (D:14)
  2 freezing wraiths (IceCv)
  4 ice devils (IceCv)
  4 anaconda simulacra (IceCv)
  A golden dragon simulacrum (IceCv)
  3 polar bears
  5 hornets
  4 trolls
  9 blink frogs
  3 alligator simulacra (IceCv)
  6 wraiths
  Sigmund (D:6)
  A shadow (D:10)
  3 vampires
  37 yaks
  A spriggan (shapeshifter) (D:13)
  10 spriggans (Lair:3)
  A water elemental (D:11)
  A wyvern (D:8)
  2 dire elephant simulacra (IceCv)
  2 basilisks (Lair:5)
  10 minotaur simulacra (IceCv)
  7 vampire mosquitoes
  4 wargs (Orc:2)
  A harpy simulacrum (IceCv)
  3 nagas (Lair:3)
  An acid dragon (D:12)
  5 water moccasins
  Duvessa (D:5)
  22 orc warriors
  A cane toad zombie (Lair:1)
  2 ogres
  3 black bears
  2 boggarts (Lair:3)
  5 wolves
  8 centaurs
  A komodo dragon zombie (Lair:1)
  A kobold brigand (D:7)
  8 bullfrogs
  3 scorpions
  7 deep troll simulacra (IceCv)
  A warg zombie (Orc:2)
  8 killer bees
  6 electric eels (D:11)
  3 hounds
  A jelly (D:6)
  11 orc priests
  A gnoll bouda (Orc:2)
  3 iguanas
  11 orc wizards
  11 adders
  12 gnolls
  A shadow imp (D:7)
  A white imp (D:6)
  10 orc zombies (Orc:2)
  5 dart slugs
  52 orcs
  4 endoplasms
  2 giant cockroaches (D:1)
  A gnoll zombie (Orc:2)
  12 goblins
  5 hobgoblins
  7 jackals
  3 quokkas
  2 training dummies (D:5)
  5 ball pythons
  4 bats
  2 frilled lizards
  10 kobolds
  5 rats
519 creatures vanquished.

Vanquished Creatures (collateral kills)
  An eleionoma (Lair:3)
  A hydra (Lair:3)
  A catoblepas (Lair:5)
  2 two-headed ogres (D:10)
  2 death yaks (Lair:5)
  A deep elf archer (D:15)
  An orc knight (D:15)
  A lindwurm (Lair:5)
  2 elephants (Lair:5)
  A black mamba (shapeshifter) (D:13)
  4 black mambas
  A slime creature (D:15)
  3 cane toads
  A gargoyle (D:10)
  2 rime drakes (Lair:4)
  2 komodo dragons (Lair:1)
  6 blink frogs
  An alligator simulacrum (IceCv)
  A spriggan (Lair:3)
  A water elemental (D:11)
  14 yaks
  A vampire mosquito (D:13)
  A steam dragon (D:10)
  A naga (Lair:3)
  A minotaur simulacrum (IceCv)
  3 water moccasins
  3 wargs
  2 orc warriors (Orc:2)
  A black bear (Lair:2)
  A boggart (Lair:3)
  9 wolves
  2 bullfrogs
  Dowan (D:5)
  A lindwurm simulacrum (IceCv)
  4 killer bees
  2 electric eels
  2 jellies
  3 orc priests
  2 hounds
  An iguana (D:6)
  2 orc wizards
  6 gnolls
  7 orcs
  A giant cockroach (D:4)
106 creatures vanquished.

Vanquished Creatures (others)
  An ugly thing zombie (D:14)
  A spectral blizzard demon (IceCv)
  A death yak zombie (Lair:5)
  A spectral komodo dragon (Lair:5)
  3 black mamba zombies
  3 spectral ice devils (IceCv)
  A spriggan (Lair:3)
  2 humans (D:14)
  A tengu zombie (D:14)
  A two-headed ogre zombie (D:10)
  2 cane toad zombies
  A spectral efreet (D:14)
  An elephant zombie (Lair:5)
  2 elf zombies
  4 hornet zombies
  2 blink frog zombies
  A komodo dragon zombie (Lair:3)
  A cyclops zombie (D:14)
  A wyvern zombie (D:8)
  3 water moccasin zombies
  A troll zombie (Orc:2)
  A polar bear zombie (Lair:5)
  5 spriggan zombies (Lair:3)
  12 yak zombies
  A wolf zombie (Lair:3)
  3 bullfrog zombies
  A black bear zombie (Lair:3)
  6 centaur zombies
  A basilisk zombie (Lair:5)
  2 boggart zombies (Lair:3)
  A killer bee zombie (D:10)
  An ogre zombie (D:5)
  A hound zombie (D:6)
  An adder zombie (D:5)
  A gnoll zombie (D:5)
  2 jackal zombies (D:5)
  2 kobold zombies (D:7)
  25 orc zombies
  9 spectral weapons
109 creatures vanquished.

Grand Total: 734 creatures vanquished

Notes
Turn   | Place    | Note
-------+----------+-------------------------------------------
     0 | D:1      | ragingrage the Tengu Warper began the quest for the Orb.
     0 | D:1      | Reached XP level 1. HP: 12/12 MP: 4/4
   166 | D:1      | Reached XP level 2. HP: 11/17 MP: 6/6
   451 | D:1      | Reached skill level 3 in Long Blades
   830 | D:2      | Reached XP level 3. HP: 17/22 MP: 7/7
  1105 | D:2      | Identified the +1 cloak of Inevitability {+Inv}
  1634 | D:2      | Found a faded altar of an unknown god.
  1699 | D:3      | Noticed a centaur
  1746 | D:3      | Reached XP level 4. HP: 27/27 MP: 8/8
  1754 | D:3      | Reached skill level 4 in Long Blades
  2045 | D:3      | Found a basalt altar of Yredelemnul.
  2163 | D:3      | Reached XP level 5. HP: 32/32 MP: 9/9
  2572 | D:3      | Became a worshipper of Yredelemnul the Dark
  2597 | D:4      | Found a staircase to the Ecumenical Temple.
  2607 | Temple   | Entered the Ecumenical Temple
  2672 | D:4      | Reached skill level 5 in Long Blades
  2684 | D:4      | Found a shimmering altar of Xom.
  3044 | D:4      | Found a shadowy altar of Dithmenos.
  3069 | D:4      | Reached * piety under Yredelemnul
  3164 | D:5      | Entered Level 5 of the Dungeon
  3179 | D:4      | Reached XP level 6. HP: 34/38 MP: 7/10
  3274 | D:5      | Reached skill level 6 in Long Blades
  3709 | D:5      | Reached skill level 7 in Long Blades
  3709 | D:5      | Gained mutation: Your magical flight helps you evade
                  | attacks. (EV +4) [Tengu growth]
  3709 | D:5      | Reached XP level 7. HP: 43/43 MP: 11/11
  4036 | D:5      | Noticed Duvessa
  4036 | D:5      | Noticed Dowan
  4052 | D:5      | Killed Duvessa
  4053 | D:5      | Reached skill level 8 in Long Blades
  4061 | D:5      | Killed Dowan
  4348 | D:6      | Found an ancient bone altar of Kikubaaqudgha.
  4386 | D:6      | Reached XP level 8. HP: 29/48 MP: 8/12
  4507 | D:6      | Noticed Sigmund
  4517 | D:6      | Reached skill level 9 in Long Blades
  4583 | D:6      | Learned a level 2 spell: Blink
  4585 | D:6      | Learned a level 1 spell: Apportation
  4590 | D:6      | Learned a level 4 spell: Manifold Assault
  4595 | D:6      | Learned a level 4 spell: Vhi's Electric Charge
  4678 | D:6      | Killed Sigmund
  4724 | D:6      | Found an opulent altar of Gozag.
  4724 | D:6      | Found a glowing silver altar of Zin.
  5067 | D:7      | Reached skill level 10 in Long Blades
  5198 | D:7      | Reached ** piety under Yredelemnul
  5363 | D:7      | Found a burning altar of Makhleb.
  5492 | D:7      | Noticed Pikel
  5508 | D:7      | Killed Pikel
  5509 | D:7      | Reached skill level 11 in Long Blades
  5509 | D:7      | Reached XP level 9. HP: 36/52 MP: 8/13
  5861 | D:7      | Reached skill level 12 in Long Blades
  5887 | D:7      | Found a bloodstained altar of Trog.
  5950 | D:8      | Identified the "Myre"
  6002 | D:8      | Found Buugoso's General Store.
  6010 | D:8      | Bought a potion of heal wounds for 70 gold pieces
  6142 | D:8      | Noticed a hornet
  6224 | D:9      | Found a white marble altar of Elyvilon.
  6288 | D:9      | Found a staircase to the Lair.
  6302 | D:9      | Found a flagged portal.
  6319 | Bailey   | Entered a bailey
  6481 | Bailey   | Noticed an orc knight
  6657 | Bailey   | Killed an orc knight
  6658 | Bailey   | Reached skill level 13 in Long Blades
  6695 | Bailey   | Found a large runed translucent door.
  6695 | Bailey   | Found a large runed translucent door.
  6809 | Bailey   | Reached skill level 14 in Long Blades
  6817 | Bailey   | Reached XP level 10. HP: 56/56 MP: 14/14
  6848 | Bailey   | Noticed a deep elf pyromancer
  6949 | Bailey   | Killed a deep elf pyromancer
  6950 | Bailey   | Reached skill level 1 in Stealth
  6950 | Bailey   | Reached skill level 1 in Invocations
  6962 | Bailey   | Identified the +5 ring mail of Tempters {rC+}
  6977 | Bailey   | Identified the staff of Gluttony {rPois rC+ Dex+3 Ice}
  7098 | D:9      | Found Ifrelis's Weapon Shop.
  7197 | D:9      | Found Hueladut's General Store.
  7250 | D:9      | Found Qojiles's Weapon Shop.
  7456 | D:9      | Found Xeism's Jewellery Boutique.
  7565 | D:9      | Reached skill level 5 in Dodging
  7579 | D:9      | Found Yfiz's Jewellery Shop.
  7584 | D:9      | Bought a potion of haste for 110 gold pieces
  7584 | D:9      | Bought a scroll of fog for 44 gold pieces
  7630 | D:9      | Reached skill level 5 in Fighting
  7634 | D:9      | Reached *** piety under Yredelemnul
  8032 | D:10     | Entered Level 10 of the Dungeon
  8037 | D:10     | Paralysed by a hornet for 1 turns
  8131 | D:10     | Noticed a two-headed ogre
  8259 | D:10     | Noticed a two-headed ogre
  8280 | D:10     | Killed a two-headed ogre
  8281 | D:10     | Reached XP level 11. HP: 29/64 MP: 6/15
  8551 | D:10     | Found a glowing golden altar of the Shining One.
  8590 | D:10     | Killed a two-headed ogre
  8766 | D:10     | Found a staircase to the Orcish Mines.
  8859 | D:10     | Noticed a two-headed ogre
  8867 | D:10     | Killed a two-headed ogre
  9165 | D:10     | Noticed a two-headed ogre
  9174 | D:10     | Killed a two-headed ogre
  9175 | D:10     | Reached skill level 5 in Invocations
  9183 | D:10     | Reached **** piety under Yredelemnul
 10369 | D:11     | Noticed a white ugly thing
 10384 | D:11     | Killed a white ugly thing
 10620 | D:11     | Noticed a boulder beetle
 10637 | D:11     | Killed a boulder beetle
 10761 | D:11     | Found a broken altar of Ashenzari.
 11040 | D:13     | Identified the of Qoewnep
 11040 | Lair:1   | Entered Level 1 of the Lair of Beasts
 11069 | Lair:1   | Reached skill level 1 in Shapeshifting
 11279 | Lair:1   | Reached skill level 5 in Translocations
 11279 | Lair:1   | Reached XP level 12. HP: 41/73 MP: 9/16
 11450 | Lair:1   | Noticed a death yak
 11450 | Lair:1   | Noticed a death yak
 11450 | Lair:1   | Noticed a death yak
 11450 | Lair:1   | Noticed a death yak
 11471 | Lair:1   | Noticed a death yak
 11482 | Lair:1   | Killed a death yak
 11482 | Lair:1   | Killed a death yak
 11482 | Lair:1   | Killed a death yak
 11482 | Lair:1   | Killed a death yak
 11483 | Lair:1   | Killed a death yak
 11594 | Lair:1   | Reached ***** piety under Yredelemnul
 11837 | Lair:1   | Reached ****** piety under Yredelemnul
 11841 | Lair:1   | Reached skill level 5 in Shapeshifting
 11904 | Lair:1   | Noticed Maggie
 11912 | Lair:1   | Killed Maggie
 12783 | Lair:2   | Reached skill level 1 in Evocations
 12828 | Lair:2   | Reached XP level 13. HP: 73/78 MP: 17/17
 14711 | Lair:3   | Found a staircase to the Swamp.
 14718 | Lair:3   | Noticed an eleionoma
 14725 | Lair:3   | Killed an eleionoma
 15075 | Lair:3   | Found a staircase to the Snake Pit.
 16298 | Lair:4   | Noticed lessens's ghost (journeyman GnGl)
 16301 | Lair:4   | Found a transporter.
 16310 | Lair:4   | Found a bloodstained altar of Trog.
 16317 | Lair:4   | Found a transporter.
 16706 | Lair:5   | Entered Level 5 of the Lair of Beasts
 16727 | Lair:5   | Reached XP level 14. HP: 82/86 MP: 18/20
 16739 | Lair:5   | Found a staircase to the Slime Pits.
 16739 | Lair:5   | Found a viscous altar of Jiyva.
 16899 | Lair:5   | Reached skill level 5 in Evocations
 17600 | Lair:5   | Reached skill level 10 in Dodging
 18304 | Lair:5   | Reached skill level 10 in Fighting
 19046 | Lair:5   | Found a viscous altar of Jiyva.
 19047 | Lair:5   | Found a staircase to the Slime Pits.
 19917 | D:12     | Noticed Nessos
 19919 | D:12     | Nessos changed into Nessos the torpor snail
 19919 | D:12     | Noticed Nessos
 19928 | D:12     | Killed Nessos the torpor snail
 20042 | D:12     | Found Iqetec's Antique Weapon Boutique.
 20566 | D:12     | Noticed Rupert
 20591 | D:12     | Killed Rupert
 20722 | D:12     | Identified the +6 trident of the Mushroom {freeze, rElec
                  | rPois Int-3 SInv}
 21280 | D:12     | Found a portal to a secret trove of treasure.
 22973 | D:14     | Noticed Kirke
 22985 | D:13     | Killed Kirke
 23069 | D:14     | Reached XP level 15. HP: 88/93 MP: 9/22
 23286 | D:14     | Reached skill level 15 in Long Blades
 23380 | D:14     | Noticed Josephine
 23398 | D:14     | Killed Josephine
 24313 | D:14     | Reached skill level 16 in Long Blades
 24340 | D:14     | Reached skill level 5 in Armour
 24495 | D:14     | Reached skill level 1 in Air Magic
 24543 | D:14     | Found a gate to the Vaults.
 25211 | D:15     | Entered Level 15 of the Dungeon
 25245 | D:15     | Found a frozen archway.
 25261 | IceCv    | Entered an ice cave
 26810 | IceCv    | Reached skill level 1 in Shields
 27298 | D:15     | Found a staircase to the Depths.
 27299 | D:15     | Noticed a fire giant
 27425 | D:15     | Killed a fire giant
 27426 | D:15     | Reached skill level 5 in Air Magic
 27669 | D:15     | Reached XP level 16. HP: 95/100 MP: 20/23
 27857 | D:15     | Found Nixke's Assorted Antiques.
 28417 | Orc:1    | Entered Level 1 of the Orcish Mines
 28557 | Orc:2    | Entered Level 2 of the Orcish Mines
 28747 | Orc:2    | Found a staircase to the Elven Halls.
 28934 | Orc:2    | Found Zoesidghu's Book Emporium.
 29063 | Orc:2    | Bought a manual of Shields for 1200 gold pieces
 29136 | Orc:2    | Found Kokok's Magic Scroll Shop.
 29512 | Orc:2    | Noticed Saint Roka
 29520 | Orc:2    | Killed by an exploding orc priest zombie... ignited by
                  | their inner flame

Illustrated notes

Levels and vault maps discovered:
D:1:      lightli_arrival_lavapool, layout_loops_cross
D:2:      layout_basic, shapermc_ecumenical_altar_pompeii
D:3:      minmay_wonky_spiral, layout_basic, mainiacjoe_overflow_tiny_flanked
D:4:      layout_rooms, mainiacjoe_overflow_swirl,
          minmay_temple_entry_gardened_gates, dreamdust_princess_bridge
D:5:      dreamdust_elfheim, layout_loops_ring, kennysheep_generic_room_7
D:6:      layout_rooms, grunt_temple_overflow_gold_and_silver,
          mainiacjoe_overflow_alcove_2, kennysheep_generic_room_12, uniq_sigmund
D:7:      layout_cave_pods, bloody_makhleb, pf_just_have_faith, uniq_pikel
D:8:      minmay_the_grid_octo_tiled_squarecenter
          [minmay_the_grid_octo_clover_2, minmay_the_grid_octo_horde,
          minmay_the_grid_octo_checkerflower, minmay_the_grid_octo_chip,
          minmay_the_grid_square_5x5_megaprize_crossed,
          minmay_the_grid_square_5x5_almost_minimal,
          minmay_the_grid_square_5x5_detours,
          minmay_the_grid_square_5x5_inverted_slash,
          minmay_the_grid_square_5x5_bridge], layout_gridville, serial_shops,
          nicolae_shop_tiny_waterfront, eino_tiny_chamber
D:9:      layout_layer_cave, nicolae_elyvilon_temple_path, lair_entry_dummy,
          serial_shops, shop, shop, nicolae_shop_tiny_glass, shop_fountains,
          shop_statue, enter_bailey_3
D:10:     layout_irregular_city, mainiacjoe_overflow_alcove_1, erik_orc_3
D:11:     layout_basic, evilmike_ruin_ashenzari
D:12:     layout_loops_corners, serial_shops, kennysheep_mini_moat,
          nicolae_trove_entry_diagonal, uniq_rupert, uniq_nessos
D:13:     layout_loops_cross
D:14:     layout_rooms, david_vaults_5, chequers_serial_rivers_micro_d,
          nicolae_wwwww, hangedman_weighted_door, uniq_josephine, uniq_kirke
D:15:     grunt_enter_depths_giant_problem, layout_basic, chequers_garden,
          serial_shops, shop, portal_ice_cave_entry_dragon,
          beargit_elvish_explorers
Temple:   nicolae_temple_x_marks_the_god
Lair:1:   layout_hall_layers, uniq_maggie
Lair:2:   layout_chaotic_city, serial_bayou_shore_b
Lair:3:   kb_forest_paths, layout_regular_city,
          alex1729_swamp_entry_worm_eleionoma,
          minmay_snake_entry_guardpost_large
Lair:4:   layout_regular_city, serial_bayou, serial_bayou_pond_c,
          serial_bayou_pond_e, serial_bayou_shore_b, serial_bayou_pond_c,
          gammafunk_ghost_wrathful_warriors
Lair:5:   grunt_lair_end_beastmaster, layout_long_grid, slime_entry_1
Orc:1:    layout_caves, basic_altar
Orc:2:    grunt_orc_community_town_hall, layout_caves,
          grunt_orc_community_big_house_2, grunt_orc_community_big_house_1,
          grunt_orc_community_house_3, grunt_orc_community_house_1,
          grunt_orc_community_house_2, grunt_orc_community_house_1,
          grunt_orc_community_house_2, grunt_orc_community_house_3, basic_altar

Skill      XL: |  1  2  3  4  5  6  7  8  9 10 11 12 13 14 15 16 |
---------------+-------------------------------------------------+-----
Long Blades    | 3 4 5 7 8 11 14 16 | 16.0
Fighting       | 3 4 6 8 9 10 11 | 11.0
Dodging        | 4 6 8 9 11 12 | 12.2
Stealth        | 3 |  3.0
Invocations    | 3 5 6 8 9 |  9.0
Armour         | 4 6 7 |  7.0
Translocations | 5 7 8 9 |  9.0
Shapeshifting  | 2 5 |  5.8
Evocations     | 1 4 6 7 |  7.0
Spellcasting   | 3 4 |  4.0
Air Magic      | 5 6 |  6.3
Shields        | 2 3 |  3.6
Throwing       | |  1.0

Action                     |  1- 3 |  4- 6 |  7- 9 | 10-12 | 13-15 | 16-18 || total
---------------------------+-------+-------+-------+-------+-------+-------++-------
  Melee: Falchion          |    87 |   120 |   172 |     3 |       |       ||   382
         Peck              |     8 |    26 |    33 |   102 |   202 |    28 ||   399
         Kick              |    13 |    42 |    58 |   147 |   295 |    56 ||   611
         Punch             |       |     1 |     4 |     4 |    13 |       ||    22
         Dagger            |       |       |     4 |    46 |       |       ||    50
         Long sword        |       |       |       |   250 |       |       ||   250
         Scimitar          |       |       |       |    86 |   508 |       ||   594
         Great sword       |       |       |       |       |    99 |       ||    99
         Double sword      |       |       |       |       |   368 |   170 ||   538
   Fire: Shortbow          |       |       |   342 |       |       |       ||   342
  Throw: Dart              |       |     5 |     2 |    18 |     4 |       ||    29
         Throwing net      |       |       |       |       |     1 |       ||     1
   Cast: Manifold Assault  |       |       |       |       |   159 |    15 ||   174
         Blink             |       |       |       |       |     1 |       ||     1
 Invoke: Recall Undead Har |       |       |       |       |    13 |     1 ||    14
         Bind Soul         |       |       |       |       |     2 |       ||     2
         Dark Bargain      |       |       |       |       |     1 |     1 ||     2
  Evoke: Wand              |       |       |     1 |    10 |     2 |       ||    13
    Use: Scroll            |       |     5 |     7 |    10 |    12 |     2 ||    36
         Potion            |       |       |       |     2 |     3 |       ||     5
   Stab: Distracted        |     1 |     1 |       |     5 |    20 |     3 ||    30
         Sleeping          |       |     3 |     1 |     1 |     1 |       ||     6
         Invisible         |       |       |     3 |     2 |       |       ||     5
         Held in net/web   |       |       |       |       |     2 |       ||     2
         Petrified         |       |       |       |       |     6 |     3 ||     9
 Armour: Leather armour    |    39 |    40 |    86 |     2 |       |       ||   167
         Ring mail         |       |       |       |   133 |   404 |    56 ||   593
  Dodge: Dodged            |    50 |    91 |   157 |   245 |   598 |   111 ||  1252
  Block: Kite shield       |       |       |       |       |    22 |    86 ||   108

Table legend: (Time is in decaauts)
 A = Elapsed time spent in this place.
 B = Non-inter-level travel time spent in this place.
 C = Inter-level travel time spent in this place.
 D = Time resting spent in this place.
 E = Time spent auto-exploring this place.
 F = Levels seen in this place.
 G = Mean time per level.
                   A        B        C        D        E       F      G
               +--------+--------+--------+--------+--------+-----+--------+
         Total |  29305 |  28178 |   1127 |   6932 |  16267 |  25 | 1172.2 |
       Dungeon |  17052 |  16154 |    898 |   3506 |   9978 |  15 | 1136.8 |
        Temple |      1 |      1 |      0 |      0 |      0 |   1 |    1.0 |
          Lair |   8476 |   8264 |    212 |   2211 |   4946 |   5 | 1695.2 |
  Orcish Mines |   1089 |   1073 |     16 |     53 |    804 |   2 |  544.5 |
        Bailey |    852 |    852 |      0 |      0 |    152 |   1 |  852.0 |
      Ice Cave |   1832 |   1832 |      0 |   1162 |    387 |   1 | 1832.0 |
               +--------+--------+--------+--------+--------+-----+--------+

Top non-repeatable levels by time:
  Lair:5: 2813 daAuts
  Lair:3: 2474 daAuts
    D:14: 1889 daAuts
    D:12: 1868 daAuts
   IceCv: 1832 daAuts
    D:13: 1715 daAuts
    D:10: 1627 daAuts
    D:11: 1304 daAuts
    D:15: 1263 daAuts
  Lair:1: 1254 daAuts
     D:9: 1207 daAuts
     D:2: 1051 daAuts
     D:5: 1019 daAuts
     D:7: 1006 daAuts
  Lair:4: 968 daAuts
